 Dungeon Crawl Stone Soup version 0.28-a0-1159-g27aa881441 (webtiles) character file.

Game seed: 17614078753058846521

8 yoda5477 the Insei (level 2, 15/21 HPs)
             Began as a Demonspawn Transmuter on Dec 15, 2021.
             Quit the game on level 1 of the Dungeon.
             The game lasted 00:02:14 (237 turns).

yoda5477 the Insei (Demonspawn Transmuter)           Turns: 237, Time: 00:02:15

Health: 15/21      AC:  5    Str: 10    XL:     2   Next: 0%
Magic:  3/5        EV: 10    Int: 14    God:
Gold:   0          SH:  0    Dex: 13    Spells: 4/5 levels left

rFire   . . .      SeeInvis .   h - +1 dagger (freeze)
rCold   . . .      Faith    .   (no shield)
rNeg    . . .      Spirit   .   c - +0 ring mail
rPois   .          Reflect  .   (helmet currently unavailable)
rElec   .          Harm     .   (no cloak)
rCorr   .          Rampage  .   (no gloves)
Will    .....                   (boots currently unavailable)
Stlth   +.........              (no amulet)
HPRegen 0.07/turn               (no ring)
MPRegen 0.09/turn               (no ring)

@: appendages (expiring)
A: ([horns 0]), talons 2, antennae 1
a: End Transformation


You were on level 1 of the Dungeon.
You had temporarily grown beastly horns and talons.
You visited 1 branch of the dungeon, and saw 1 of its levels.

Inventory:

Hand Weapons
 d - a +0 hunting sling
 e - a +0 dagger
 f - a +0 hand axe
 g - a +0 short sword
 h - a +1 dagger of freezing (weapon)
Armour
 a - a +0 robe
 c - a +0 ring mail (worn)
Scrolls
 b - a scroll of immolation {unknown}


   Skills:
 * Level 1.3 Fighting
 + Level 1.9 Dodging
 * Level 0.8 Stealth
 - Level 2.6 Unarmed Combat
 - Level 2.0 Spellcasting
 + Level 1.9 Transmutations


You had 4 spell levels left.
You knew the following spells:

 Your Spells              Type           Power      Damage    Failure   Level
a - Beastly Appendage     Tmut           12%        N/A       28%         1

Your spell library contained the following spells:

 Spells                   Type           Power      Damage    Failure   Level
 Wereblood                Tmut           6%         N/A       41%         2
 Spider Form              Tmut/Pois      4%         N/A       77%         3
 Ice Form                 Ice/Tmut       4%         N/A       99%         4


Dungeon Overview and Level Annotations

Branches:
Dungeon (1/15)

Altars:


Innate Abilities, Weirdness & Mutations

You have temporarily grown beastly horns and talons.
You have a pair of small antennae on your head.


Message History

You start resting.
Magic restored.
There is a faded altar of an unknown god here.
Found an escape hatch in the floor.
Found 26 stones.
There is an escape hatch in the floor here.
Found a scroll labelled JAOCWAF PIFOSS.
A dart slug comes into view.
You see here 26 stones.
A goblin comes into view. It is wielding a +0 dagger.
The dart slug launches a dart at you. The slug dart misses you.
You see here 26 stones.
There is an escape hatch in the floor here.
You start waiting.
A goblin is nearby!
The goblin hits you with a +0 dagger.
Casting: Beastly Appendage (safe; 28% risk of failure)
Confirm with . or Enter, or press ? or * to list all spells.
You grow a pair of large bovine horns.
Your feet morph into talons.
The goblin hits you with a +0 dagger.
You barely miss the goblin. The goblin barely misses you.
You hit the goblin. You freeze the goblin.
You kill the goblin!
Your transformation is almost over.
You see here a +0 dagger.
The dart slug bites you but does no damage.
You hit the dart slug. You freeze the dart slug.
The dart slug is moderately wounded.
The dart slug launches a dart at you. The slug dart misses you.
You hit the dart slug. You freeze the dart slug.
The dart slug is almost dead.
You hit the dart slug. You freeze the dart slug.
You kill the dart slug!
You have reached level 2!
Your demonic ancestry asserts itself...
The horns on your head shrink a bit. The horns on your head shrink away.
A pair of antennae grows on your head!
Are you sure you want to abandon this character and quit the game? (Confirm with "yes".)

#.# #.#.##..#
#.# #.#.##..##
#># #.#.......
#.# #.####....
#.# #...†...##
#.# #####...#
#.# ######.##..
#†# #...#⌠.⌠# .
#@# #.####.##
#)######.###⌠_⌠#
#..........##.##
##########.#⌠.⌠#
#.##.## #....#
######


There were no monsters in sight!

Vanquished Creatures
  A dart slug (D:1)
  A ball python (D:1)
  3 goblins (D:1)
5 creatures vanquished.

Notes
Turn   | Place    | Note
-------+----------+-------------------------------------------
     0 | D:1      | yoda5477 the Demonspawn Transmuter began the quest for the
                  | Orb.
     0 | D:1      | Reached XP level 1. HP: 15/15 MP: 3/3
   152 | D:1      | Found a faded altar of an unknown god.
   237 | D:1      | Lost mutation: You have a pair of horns on your head.
                  | [demonic ancestry]
   237 | D:1      | Lost mutation: You have a pair of small horns on your head.
                  | [demonic ancestry]
   237 | D:1      | Gained mutation: You have a pair of small antennae on your
                  | head. [demonic ancestry]
   237 | D:1      | Reached XP level 2. HP: 15/21 MP: 3/5
   237 | D:1      | Quit the game

Illustrated notes

Levels and vault maps discovered:
D:1:      tarquinn_simple_flora_water_d, layout_loops_ring,
          ebering_ecumenical_altar_hall

Action                   || total
-------------------------++-------
Melee: Dagger            ||    11
       Unarmed           ||     5
       Headbutt          ||     2
       Kick              ||     1
 Cast: Beastly Appendage ||     4
Armor: Ring mail         ||     7
Dodge: Dodged            ||     7

Table legend: (Time is in decaauts)
 A = Elapsed time spent in this place.
 B = Non-inter-level travel time spent in this place.
 C = Inter-level travel time spent in this place.
 D = Time resting spent in this place.
 E = Time spent auto-exploring this place.
 F = Levels seen in this place.
 G = Mean time per level.
                   A        B        C        D        E       F      G
               +--------+--------+--------+--------+--------+-----+--------+
         Total |    235 |    235 |      0 |     46 |     52 |   1 |  235.0 |
       Dungeon |    235 |    235 |      0 |     46 |     52 |   1 |  235.0 |
               +--------+--------+--------+--------+--------+-----+--------+

Top non-repeatable levels by time:
     D:1: 235 daAuts
